 Dungeon Crawl Stone Soup version 0.28.0-45-g0d030f2227 (webtiles) character file.

Game seed: 11684914416561005819

147 pkoi the Twirler (level 4, -3/37 HPs)
             Began as a Demigod Gladiator on Apr 8, 2022.
             Slain by Grinder (6 damage)
             ... while paralysed by Grinder
             ... on level 3 of the Dungeon.
             The game lasted 00:03:17 (3326 turns).

pkoi the Twirler (Demigod Gladiator)                Turns: 3326, Time: 00:03:18

Health: -3/37      AC:  5    Str: 15    XL:     4   Next: 80%
Magic:  6/6        EV:  2    Int: 14    God:
Gold:   82         SH:  0    Dex: 21    Spells: 3/3 levels left

rFire   . . .      SeeInvis .   a - +0 quarterstaff
rCold   . . .      Faith    .   (shield currently unavailable)
rNeg    . . .      Spirit   .   b - +0 leather armour
rPois   .          Reflect  .   c - +0 helmet
rElec   .          Harm     .   (no cloak)
rCorr   +          Rampage  .   (no gloves)
Will    .....                   q - +0 pair of boots
Stlth   ++........              (no amulet)
HPRegen 0.12/turn               j - ring of resist corrosion
MPRegen 0.10/turn               p - +6 ring of dexterity

@: paralysed
A: high MP 1, forlorn, divine attributes
a: no special abilities


You were on level 3 of the Dungeon.
You visited 1 branch of the dungeon, and saw 4 of its levels.

You collected 82 gold pieces.

Inventory:

Hand Weapons
 a - a +0 quarterstaff (weapon)
 n - a +0 dagger of freezing
Missiles
 d - 3 throwing nets (quivered)
 o - 3 boomerangs
 t - 3 poisoned darts
Armour
 b - a +0 leather armour (worn)
 c - a +0 helmet (worn)
 q - a +0 pair of boots (worn)
Jewellery
 j - a ring of resist corrosion (left hand)
 p - a +6 ring of dexterity (right hand)
Scrolls
 f - a scroll of enchant armour {unknown}
 g - a scroll of fog {unknown}
 k - 2 scrolls of identify {unknown}
 l - a scroll of fear {unknown}
 m - a scroll of noise {unknown}
Potions
 h - a potion of berserk rage {unknown}
 i - a potion of heal wounds {unknown}
 r - a potion of curing {unknown}
 s - a potion of lignification {unknown}


   Skills:
 + Level 2.3 Fighting
 * Level 4.7 Staves
 - Level 1.7 Throwing
 + Level 3.1 Dodging


You had 3 spell levels left.
You didn't know any spells.
Your spell library was empty.

Dungeon Overview and Level Annotations

Branches:
Dungeon (4/15)
 Temple: D:4-7

Shops:
D:2 [!([:

Annotations:
D:3 Grinder


Innate Abilities, Weirdness & Mutations

You have an increased reservoir of magic. (+10% MP)
You shall have no god before yourself.
Your divine heritage dramatically boosts your attributes as you level up.


Message History

You hit the gnoll shaman.
The gnoll shaman is lightly wounded.
The gnoll shaman barely misses you.
You hit the gnoll shaman but do no damage.
The gnoll shaman is lightly wounded.
The gnoll shaman hits you with a +0 club.
* * * LOW HITPOINT WARNING * * *
You hit the gnoll shaman.
The gnoll shaman is lightly wounded.
The gnoll shaman barely misses you.
You hit the gnoll shaman.
The gnoll shaman is moderately wounded.
The gnoll shaman hits you with a +0 club.
* * * LOW HITPOINT WARNING * * *
You completely miss the gnoll shaman.
The gnoll shaman is moderately wounded.
The gnoll shaman misses you.
You hit the gnoll shaman.
The gnoll shaman is heavily wounded.
The gnoll shaman hits you with a +0 club!
* * * LOW HITPOINT WARNING * * *
You sock the gnoll shaman!
You kill the gnoll shaman!
Things that are here:
a +0 club; a +0 leather armour You start resting.
Grinder is nearby!
Grinder is nearby!
Grinder is nearby!
Grinder shouts!
Grinder gestures at you. Pain shoots through your body!
* * * LOW HITPOINT WARNING * * *
Grinder gestures at you.
You suddenly lose the ability to move!
Grinder blinks!
Grinder hits you.
* * * LOW HITPOINT WARNING * * *
You writhe in agony.
You die...

#. #.########
#........# ####
##.#####.# ..#
#####.#####.# #.#
#..)>.......#
###.###§###.##.##.#
# #..5....#
#.......##
#.#.#@#####
#.##.....# #.....#
#.####...#
#.....###
#P........
#[#.....#
#......≈≈. #
###.#.#
###..P..≈≈≈≈ ..##.#
#......≈≈≈≈≈ ###
#.# #.....≈≈≈≈≈≈
#.# #...P.≈≈≈≈≈≈
####.# #..P♣≈≈≈≈≈≈≈


You could see Grinder.

Vanquished Creatures
  A gnoll shaman (D:3)
  An orc wizard (D:1)
  3 adders
  An ufetubus (D:3)
  A worm (D:1)
  3 dart slugs
  3 orcs
  5 endoplasms
  A giant cockroach (D:1)
  4 hobgoblins
  A quokka (D:1)
  7 ball pythons
  7 bats
  5 frilled lizards
  4 goblins
  7 kobolds
  2 rats (D:1)
56 creatures vanquished.

Notes
Turn   | Place    | Note
-------+----------+-------------------------------------------
     0 | D:1      | pkoi the Demigod Gladiator began the quest for the Orb.
     0 | D:1      | Reached XP level 1. HP: 17/17 MP: 3/3
    75 | D:1      | Reached skill level 3 in Staves
    77 | D:1      | Noticed a golden eye
    80 | D:1      | Noticed a floating eye
    80 | D:1      | Noticed a floating eye
    80 | D:1      | Noticed a golden eye
   132 | D:1      | Reached XP level 2. HP: 24/24 MP: 4/4
   753 | D:1      | Reached skill level 4 in Staves
   753 | D:1      | Reached XP level 3. HP: 6/29 MP: 5/5
  1643 | D:2      | Found Jal Ush's Armour Shop.
  1677 | D:2      | Found Yhia's Distillery.
  1825 | D:2      | Reached XP level 4. HP: 19/36 MP: 6/6
  2039 | D:2      | Found Hastoeg's Weapon Shoppe.
  2048 | D:2      | Found Jax Xuvider's Armour Boutique.
  2275 | D:2      | Found Coit's Book Shoppe.
  2635 | D:3      | Noticed Grinder
  3324 | D:3      | Paralysed by Grinder for 3 turns
  3326 | D:3      | Slain by Grinder

Illustrated notes

Levels and vault maps discovered:
D:1:      amcnicky_arrival_choice, layout_rooms,
          hellmonk_ecumenical_altar_watching_god
D:2:      layout_loops_ring, serial_shops,
          nicolae_shop_temple_entry_statues_fountains, shop, shop,
          nicolae_shop_stone, nicolae_shop_advertising_works
          [nicolae_subvault_shop_adworks]
D:3:      layout_loops_cross, minmay_misc_feat_five, minivault_19, st_stairs_5,
          guppyfry_early_lair_pool, uniq_terence, uniq_grinder
D:4:      layout_basic

Skill      XL: |  1  2  3  4 |
---------------+-------------+-----
Staves         | 3 4 |  4.7
Fighting       | 2 |  2.3
Dodging        | 3 |  3.1
Throwing       | |  1.7

Action                   |  1- 3 |  4- 6 || total
-------------------------+-------+-------++-------
Melee: Quarterstaff      |   117 |    59 ||   176
  Use: Scroll            |       |     1 ||     1
 Stab: Sleeping          |     1 |     2 ||     3
Armor: Leather armour    |    64 |    14 ||    78
Dodge: Dodged            |   100 |    43 ||   143
